 Dungeon Crawl Stone Soup version 0.30-a0-556-g0a0f5a245f (webtiles) character file.

Game seed: 18293603400041806362

2732 M4edhros the Sneak (level 9, -2/59 HPs)
             Began as an Octopode Artificer on Dec 26, 2022.
             Was a Follower of Cheibriados.
             Slain by a wolf (8 damage)
             ... led by Grum
             ... on level 8 of the Dungeon.
             The game lasted 00:15:49 (4576 turns).

M4edhros the Sneak (Octopode Artificer)             Turns: 4576, Time: 00:15:50

Health: -2/59      AC:  1    Str: 15    XL:     9   Next: 67%
Magic:  0/9        EV: 16    Int: 16    God:    Cheibriados [*.....]
Gold:   357        SH:  0    Dex: 19    Spells: 8/8 levels left

rFire   . . .      SeeInvis .      - Unarmed
rCold   . . .      Faith    .    (no shield)
rNeg    . . .      Spirit   +    (helmet restricted)
rPois   +          Reflect  .    d - amulet of guardian spirit
rElec   .          Harm     .    k - ring of poison resistance
rCorr   .          Rampage  .    (no ring)
Will    .....                    (no ring)
Stlth   +++++                    (no ring)
HPRegen 0.29/turn                (no ring)
MPRegen 0.11/turn                (no ring)
                                 (no ring)
                                 (no ring)

@: very slow
A: almost no armour, amphibious, 8 rings, camouflage 1, gelatinous body 1,
(nimble swimmer 1), tentacles
a: Renounce Religion, Bend Time


You were on level 8 of the Dungeon.
You worshipped Cheibriados.
Cheibriados was aware of your devotion.
You visited 2 branches of the dungeon, and saw 9 of its levels.

You collected 436 gold pieces.
You spent 79 gold pieces at shops.

Inventory:

Missiles
 z - 5 curare-tipped darts
Magical Staves
 C - a staff of cold
Jewellery
 a - a ring of ice
 d - an amulet of guardian spirit (around mantle)
 k - a ring of poison resistance (left tentacle)
 v - an amulet of the acrobat
Wands
 b - a wand of flame (3) (quivered)
 c - a wand of charming (9)
 m - a wand of paralysis (29)
 n - a wand of roots (15)
 w - a wand of mindburst (12)
 F - a wand of digging (4)
Scrolls
 e - 3 scrolls of blinking {unknown}
 h - 3 scrolls of identify {unknown}
 i - a scroll of fog {unknown}
 j - 2 scrolls of fear {unknown}
 l - 2 scrolls of vulnerability {unknown}
 o - 2 scrolls of enchant armour {unknown}
 r - a scroll of magic mapping {unknown}
 x - 2 scrolls of noise {unknown}
 y - a scroll of torment {unknown}
 A - a scroll of teleportation {unknown}
 E - a scroll of enchant weapon {unknown}
Potions
 f - 3 potions of degeneration {unknown}
 g - a potion of might {unknown}
 p - 2 potions of flight {unknown}
 q - 2 potions of cancellation {unknown}
 s - 2 potions of attraction {unknown}
 t - 4 potions of curing {unknown}
 u - 2 potions of heal wounds {unknown}
 B - a potion of berserk rage {unknown}
 D - a potion of resistance {unknown}


   Skills:
 - Level 4.5 Fighting
 + Level 5.8 Dodging
 + Level 7.7 Stealth
 * Level 7.6 Unarmed Combat
 + Level 6.7 Evocations


You had 8 spell levels left.
You didn't know any spells.
Your spell library contained the following spells:

 Spells                   Type           Power      Damage    Failure   Level
 Necrotise                Necr           0%         1d4       26%         1
 Shock                    Conj/Air       0%         1d3       26%         1
 Summon Small Mammal      Summ           0%         N/A       26%         1
 Blink                    Tloc           0%         N/A       36%         2
 Momentum Strike          Conj/Tloc      0%         3d8       36%         2
 Call Canine Familiar     Summ           0%         N/A       58%         3
 Kindle Blastsparks       Fire/Tloc/Air  0%         2d10      58%         3
 Lesser Beckoning         Tloc           0%         N/A       58%         3
 Summon Guardian Golem    Hex/Summ       0%         N/A       58%         3
 Swiftness                Air            0%         N/A       58%         3
 Vampiric Draining        Necr           0%         2d6       58%         3
 Airstrike                Air            0%         2d(0-16)  94%         4
 Fulminant Prism          Conj/Hex       0%         3d5       94%         4
 Iskenderun's Mystic Bla  Conj/Tloc      0%         2d3       94%         4
 Manifold Assault         Tloc           0%         N/A       94%         4
 Agony                    Necr           0%         N/A       100%        5
 Iskenderun's Battlesphe  Conj           0%         2d6       100%        5
 Lee's Rapid Deconstruct  Erth           0%         3d4*      100%        5
 Iron Shot                Conj/Erth      0%         9d1       100%        6
 Spellforged Servitor     Conj/Summ      0%         N/A       100%        7
 Storm Form               Tmut/Air       0%         N/A       100%        7


Dungeon Overview and Level Annotations

Branches:
Dungeon (8/15)             Temple (1/1) D:7
   Lair: D:8-11

Altars:
Ashenzari
Cheibriados
Hepliaklqana
Kikubaaqudgha
Makhleb
Xom
Zin

Shops:
D:4 =   D:5 *

Annotations:
D:6 1 runed translucent door, paps's ghost, novice OpSu
D:8 2 transporters, Grum


Innate Abilities, Weirdness & Mutations

You cannot wear most types of armour.
You are amphibious.
You can wear up to eight rings at the same time.
Your skin changes colour to match your surroundings (Stealth+).
Your rubbery body absorbs attacks. (AC +1, EV +1)
((You are camouflaged when in or above water. (Stealth+)))
You have tentacles for arms and can constrict up to eight enemies at once.


Message History

Roots grab the wolf.
The wolf howls!
Roots grab the wolf.
Grum growls angrily.
The wolf howls!
The grasping roots constrict the wolf.
The grasping roots constrict the wolf!
The wolf struggles to escape constriction. x2
The wolf escapes! x2
You tentacle-slap the wolf but do no damage.
You grab the wolf. You squeeze the wolf!
The wolf is heavily wounded.
You constrict the wolf. The wolf barely misses you.
Aiming: Fastroot
Press: ? - help, Shift-Dir - straight line The roots erupt in riotous growth!
Roots grab the wolf.
Roots grab Grum.
The wolf is unaffected.
The grasping roots constrict Grum.
You constrict the wolf.
The grasping roots constrict the wolf.
The wolf bites you!
The wolf escapes!
The wolf bites you.
You tentacle-slap the wolf. You grab the wolf. You squeeze the wolf.
The wolf is heavily wounded.
The grasping roots constrict Grum!
You constrict the wolf.
You constrict the wolf, but do no damage.
The wolf struggles to escape constriction.
The wolf barely misses you.
Grum struggles to escape constriction.
The wolf completely misses you.
You closely miss the wolf. You grab the wolf. Your squeeze misses the wolf.
The wolf is heavily wounded.
The grasping roots constrict Grum!
You constrict the wolf. x3
The roots release their grip on Grum.
The wolf bites you! The wolf barely misses you. The wolf closely misses you.
The wolf bites you! The wolf bites you but does no damage.
You completely miss the wolf.
The wolf is severely wounded.
You constrict the wolf, but do no damage. x3
The wolf bites you. The wolf bites you! The wolf bites you.
* * * LOW HITPOINT WARNING * * *
Grum barely misses you. The wolf bites you!
* * * LOW HITPOINT WARNING * * *
The wolf bites you!
You die... #.#.####. ....... ## #.....# ### . #.....# ..... #.....# .##.# #..g..# #.##.. #8hhh8#

#..... ### #©@©########
#....#
...8###.###8....###..#.
....©#####©.....##...#)#
.....###.........)#.#..
....©#####©.....####.#..
.$ ###.###8....# #.... #
##©)©#############..
#8...8# ####...#....
#.....###...........


You could see Grum and 3 wolves.

Vanquished Creatures
  Pikel (D:8)
  Grinder (D:5)
  Prince Ribbit (D:7)
  A steam dragon (D:6)
  A water moccasin (D:7)
  An ice beast (D:7)
  A black bear (D:6)
  A centaur (D:6)
  An ogre (D:6)
  A lemure (D:8)
  A bullfrog (D:8)
  2 necrophages
  3 wights (D:6)
  6 hounds
  An orc priest (D:5)
  Crazy Yiuf (D:6)
  2 jellies
  2 gnoll boudas
  3 iguanas
  Ijyb (D:4)
  11 adders
  6 gnolls
  A shadow imp (D:7)
  2 worms
  7 orcs
  3 ball pythons
  8 endoplasms
  5 goblins
  6 hobgoblins
  2 jackals (D:2)
  2 quokkas (D:5)
  7 bats
  5 frilled lizards
  7 kobolds
  4 rats
108 creatures vanquished.

Vanquished Creatures (collateral kills)
  Maggie (D:7)
  A gnoll (D:5)
2 creatures vanquished.

Vanquished Creatures (others)
  A scorpion (D:6)
  A hound (D:7)
2 creatures vanquished.

Grand Total: 112 creatures vanquished

Notes
Turn   | Place    | Note
-------+----------+-------------------------------------------
     0 | D:1      | M4edhros the Octopode Artificer began the quest for the
                  | Orb.
     0 | D:1      | Reached XP level 1. HP: 13/13 MP: 1/1
   243 | D:2      | Reached XP level 2. HP: 15/18 MP: 0/2
   356 | D:2      | Reached skill level 1 in Unarmed Combat
   487 | D:3      | Reached XP level 3. HP: 23/23 MP: 3/3
   726 | D:5      | Entered Level 5 of the Dungeon
   735 | D:5      | Reached XP level 4. HP: 24/29 MP: 2/4
   781 | D:5      | Noticed a phantom
   805 | D:5      | Reached XP level 5. HP: 17/34 MP: 3/5
   909 | D:5      | Reached XP level 6. HP: 12/39 MP: 2/6
   916 | D:5      | HP: 1/39 [poisoned by an adder]
  1138 | D:5      | Noticed Grinder
  1153 | D:5      | Killed Grinder
  1154 | D:5      | Reached XP level 7. HP: 45/45 MP: 7/7
  1208 | D:5      | Found Usyudu's Assorted Antiques.
  1228 | D:5      | Bought a scroll labelled ZIUXKY OPUFF for 17 gold pieces
  1228 | D:5      | Bought a golden potion for 15 gold pieces
  1228 | D:5      | Bought a scroll labelled RENABR XEIQE for 17 gold pieces
  1228 | D:5      | Bought a fizzy brown potion for 15 gold pieces
  1228 | D:5      | Bought a fuming amethyst potion for 15 gold pieces
  1253 | D:6      | Noticed a steam dragon
  1263 | D:6      | Killed a steam dragon
  1330 | D:6      | Found a shimmering altar of Xom.
  1439 | D:6      | Found a runed translucent door.
  1440 | D:6      | Noticed Crazy Yiuf
  1451 | D:6      | Killed Crazy Yiuf
  1656 | D:6      | Found a runed translucent door.
  1659 | D:6      | Noticed paps's ghost (novice OpSu)
  1686 | D:7      | Noticed Prince Ribbit
  1689 | D:7      | Noticed Maggie
  1704 | D:7      | Killed Maggie
  1705 | D:7      | Reached skill level 5 in Stealth
  1705 | D:7      | Reached skill level 5 in Unarmed Combat
  1705 | D:7      | Reached skill level 5 in Evocations
  1705 | D:7      | Reached XP level 8. HP: 52/54 MP: 8/8
  2578 | D:6      | Reached skill level 5 in Dodging
  2612 | D:6      | Reached XP level 9. HP: 24/59 MP: 4/9
  2824 | D:7      | Found a staircase to the Ecumenical Temple.
  2831 | Temple   | Entered the Ecumenical Temple
  2839 | Temple   | Became a worshipper of Cheibriados the Contemplative
  3023 | D:2      | Found a broken altar of Ashenzari.
  3538 | D:2      | Reached * piety under Cheibriados
  3820 | D:4      | Found Cetirch's Jewellery Emporium.
  3897 | D:4      | Noticed Ijyb
  3900 | D:4      | Paralysed by Ijyb for 5 turns
  3908 | D:4      | Killed Ijyb
  4270 | D:7      | Killed Prince Ribbit
  4318 | D:7      | Found a glowing silver altar of Zin.
  4386 | D:8      | Noticed Pikel
  4404 | D:8      | Killed Pikel
  4492 | D:8      | Found a transporter.
  4541 | D:8      | Found a transporter.
  4545 | D:8      | Found a transporter.
  4552 | D:8      | Found a transporter.
  4569 | D:8      | Noticed Grum
  4576 | D:8      | Slain by a wolf

Illustrated notes

Levels and vault maps discovered:
D:1:      saegor_arrival_simple_e, layout_basic
D:2:      layout_loops_corners, basic_altar, grunt_ministairs_2,
          minmay_surrounded
D:3:      layout_basic
D:4:      layout_basic, serial_shops, nicolae_shop_hallway_plus,
          chequers_avenue, uniq_ijyb
D:5:      layout_loops_ring, serial_shops, nicolae_stop_n_shop_1,
          grunt_ministairs_6, uniq_grinder
D:6:      layout_loops_ring, xom_teletrap_fun, ebering_ghost_sewer_d,
          uniq_crazy_yiuf_cottage
D:7:      layout_basic, mainiacjoe_overflow_brackets,
          minmay_temple_entry_overgrown, corexii_leaking_fountain, st_stairs_9,
          uniq_maggie, uniq_prince_ribbit1
D:8:      layout_loops_cross, nicolae_overflow_squiral,
          nicolae_transporter_circle, uniq_pikel, uniq_grum, uniq_joseph,
          uniq_erica
Temple:   eino_wide_crystal_templ

Skill      XL: |  1  2  3  4  5  6  7  8  9 |
---------------+----------------------------+-----
Unarmed Combat | 1 2 3 4 5 6 7 |  7.6
Stealth        | 2 3 4 5 6 7 |  7.7
Dodging        | 3 4 5 |  5.8
Fighting       | 2 3 4 |  4.5
Evocations     | 4 5 6 |  6.7

Action                   |  1- 3 |  4- 6 |  7- 9 || total
-------------------------+-------+-------+-------++-------
Melee: Unarmed           |    47 |    33 |   206 ||   286
       Tentacles         |    14 |    10 |    61 ||    85
       Constrict         |    12 |     7 |    47 ||    66
       Punch             |     1 |     4 |    11 ||    16
Evoke: Wand              |       |     8 |    23 ||    31
 Stab: Sleeping          |     6 |       |    30 ||    36
       Paralysed         |       |     8 |    13 ||    21
       Distracted        |       |       |     1 ||     1
Armor: Skin              |     1 |     1 |    10 ||    12
Dodge: Dodged            |    21 |    20 |   118 ||   159

Table legend: (Time is in decaauts)
 A = Elapsed time spent in this place.
 B = Non-inter-level travel time spent in this place.
 C = Inter-level travel time spent in this place.
 D = Time resting spent in this place.
 E = Time spent auto-exploring this place.
 F = Levels seen in this place.
 G = Mean time per level.
                   A        B        C        D        E       F      G
               +--------+--------+--------+--------+--------+-----+--------+
         Total |   5126 |   4408 |    718 |    151 |   1313 |   9 |  569.6 |
       Dungeon |   5109 |   4400 |    709 |    151 |   1313 |   8 |  638.6 |
        Temple |     17 |      9 |      8 |      0 |      0 |   1 |   17.0 |
               +--------+--------+--------+--------+--------+-----+--------+

Top non-repeatable levels by time:
     D:5: 853 daAuts
     D:6: 850 daAuts
     D:4: 775 daAuts
     D:2: 740 daAuts
     D:1: 739 daAuts
     D:7: 556 daAuts
     D:3: 300 daAuts
     D:8: 293 daAuts
  Temple: 17 daAuts
